 Dungeon Crawl Stone Soup version 0.25-b1-23-ge2ad7d536c (webtiles) character file.

Game seed: 18216671909017915371, levelgen mode: deterministic

8 MajorAdolf the Grasshopper (level 2, -1/22 HPs)
             Began as a Naga Wanderer on June 3, 2020.
             Slain by a leopard gecko (4 damage)
             ... on level 1 of the Dungeon.
             The game lasted 00:00:53 (463 turns).

MajorAdolf the Grasshopper (Naga Wanderer)           Turns: 463, Time: 00:00:54

Health: -1/22      AC:  1    Str: 15    XL:     2   Next: 8%
Magic:  1/3        EV:  9    Int: 12    God:
Gold:   47         SH:  0    Dex:  9    Spells: 2/3 levels left

rFire    . . .     SeeInvis +   a - +2 mace
rCold    . . .     Gourm    .   (no shield)
rNeg     . . .     Faith    .   d - +0 robe
rPois    +         Spirit   .   (no helmet)
rElec    .         Reflect  .   (no cloak)
rCorr    .         Harm     .   (no gloves)
MR       .....                  (no barding)
Stlth    +.........             (no amulet)
HPRegen  0.07/turn              (no ring)
MPRegen  0.08/turn              (no ring)

@: short of breath, very slow
A: large, see invisible, deformed body, poison resistance, slowness 2, slow
metabolism 1, spit poison 1, AC +0
a: Spit Poison


You were on level 1 of the Dungeon.
You were not hungry.

You visited 1 branch of the dungeon, and saw 1 of its levels.

You collected 47 gold pieces.

Inventory:

Hand Weapons
 a - a +2 mace (weapon)
Armour
 b - a +0 pair of gloves
 d - a +0 robe (worn)
Potions
 c - a potion of lignification
 e - a potion of stabbing {unknown}
Comestibles
 f - 2 rations


   Skills:
 - Level 3.0 Maces & Flails
 - Level 1.0 Throwing
 - Level 1.5 Armour
 + Level 1.0 Spellcasting
   Level 3.0 Translocations
 + Level 1.0 Ice Magic
   Level 1.0 Evocations


You had 2 spell levels left.
You knew the following spells:

 Your Spells              Type           Power        Failure   Level  Hunger
a - Freeze                Ice            #...         21%         1    ##.....

Your spell library contained the following spells:

 Spells                   Type           Power        Failure   Level  Hunger
 Frozen Ramparts          Ice            #.....       52%         3    ####...


Dungeon Overview and Level Annotations

Branches:
Dungeon (1/15)

Altars:


Innate Abilities, Weirdness & Mutations

You cannot wear boots.
Your serpentine skin is tough. (AC +0)
You have supernaturally acute eyesight. (SInv)
Armour fits poorly on your strangely shaped body.
Your system is resistant to poisons. (rPois)
You cover ground very slowly.
You have a slow metabolism.
You can spit poison.


Message History

The leopard gecko is moderately wounded.
The leopard gecko seems to slow down.
The leopard gecko bites you.
Casting: Freeze (safe; 21% risk of failure)
Confirm with . or Enter, or press ? or * to list all spells.
Aiming: Freeze (safe; 21% risk of failure)
Press: ? - help, Shift-Dir - straight line, f/p - leopard gecko
Aim: a leopard gecko (moderately wounded, slow)
You freeze the leopard gecko.
The leopard gecko is severely wounded.
The leopard gecko closely misses you.
You barely miss the leopard gecko.
The leopard gecko is severely wounded.
The leopard gecko is no longer moving slowly.
The leopard gecko hisses menacingly.
The leopard gecko bites you.
* * * LOW HITPOINT WARNING * * *
You barely miss the leopard gecko.
The leopard gecko is severely wounded.
The leopard gecko bites you.
You die...

#.#..#.#.##...................#
#.##...#..##.................##
......##...##..8..##'##..8..##
#####.##....##...##...##...##
##.##.....#####.....#####
##..##............<........
#....##....................
#.....############+########
#..........(Jl@.$.....
##.##..####..#######.###
#.###.## ##.....###.... ..#
#..# ###.l.........
#.#####.###.............
#...........#...........
#.......#####.........$.
#.........###...........
#......#...##...........


You could see an ooze (poisoned) and a leopard gecko.

Vanquished Creatures
  2 bats (D:1)
  A giant cockroach (D:1)
  A goblin (D:1)
  A jackal (D:1)
  A frilled lizard (D:1)
  2 rats (D:1)
8 creatures vanquished.

Notes
Turn   | Place    | Note
-------+----------+-------------------------------------------
     0 | D:1      | MajorAdolf the Naga Wanderer began the quest for the Orb.
     0 | D:1      | MajorAdolf set off with the following items: a +2 mace, a
                  | potion of lignification, a +0 robe, a ration; and the
                  | following spell memorised: Freeze; and the following spells
                  | available to memorise: Frozen Ramparts
     0 | D:1      | Reached XP level 1. HP: 15/15 MP: 1/1
   309 | D:1      | Reached XP level 2. HP: 12/22 MP: 0/3
   458 | D:1      | Reached skill level 1 in Spellcasting
   458 | D:1      | Reached skill level 1 in Ice Magic
   463 | D:1      | Slain by a leopard gecko

Illustrated notes

Levels and vault maps discovered:
D:1:      giann_horns, layout_rooms, minmay_tall_x

Skill      XL: |  1  2 |
---------------+-------+-----
Spellcasting   | 1 |  1.0
Ice Magic      | 1 |  1.0
Maces & Flails | |  3.0
Throwing       | |  1.0
Armour         | |  1.5
Translocations | |  3.0
Evocations     | |  1.0

Action                   || total
-------------------------++-------
Melee: Mace              ||    17
 Cast: Freeze            ||     5
 Abil: Spit Poison       ||     1
Armor: Robe              ||     4
Dodge: Dodged            ||    24
